BSA
PHILADELPHIA ATHLETICS @ NEW YORK KNIGHTS
03/25/2028
 
TOP OF THE 1ST
Niagara Falls Frenzy batting - Pitching for New York Knights : LHP Phil Davis
Pitching: LHP Phil Davis
Batting: RHB Kel Pierce 0-0: Fly out, F7 (Line Drive, 7)
Batting: RHB Tomás Estrada 0-0: Ground out 4-3 (Groundball, 4)
Batting: LHB Clyde Yarbrough 0-0: Foul Ball, location: 2F
0-1: Foul Ball, location: 2F
0-2: Fly out, F4 (Popup, 4)
Top of the 1st over - 0 run(s), 0 hit(s), 0 error(s), 0 left on base; Niagara Falls 0 - New York 0
BOTTOM OF THE 1ST
New York Knights batting - Pitching for Niagara Falls Frenzy : RHP George Nelson
Pitching: RHP George Nelson
Batting: RHB Gabriel Erwin 0-0: Swinging Strike
0-1: Ball
1-1: Ball
2-1: Fly out, F9 (Flyball, 34D)
Batting: RHB Pepe Carrasco 0-0: SINGLE (Line Drive, 89S)
Batting: LHB Nicholas Alston 0-0: Called Strike
0-1: Called Strike
0-2: Ball
1-2: Foul Ball, location: 2F
1-2: Strikes out swinging
Batting: SHB Marvin Harris 0-0: Ball
1-0: Ball
2-0: Ball
3-0: Called Strike
3-1: Foul Ball, location: 2F
3-2: Foul Ball, location: 2F
3-2: Base on Balls
Pepe Carrasco to second
Batting: RHB Lonnie Anderson 0-0: Called Strike
0-1: Fielders Choice at 2nd, 6-4 (Groundball, 6)
Bottom of the 1st over - 0 run(s), 1 hit(s), 0 error(s), 1 left on base; Niagara Falls 0 - New York 0
TOP OF THE 2ND
Niagara Falls Frenzy batting - Pitching for New York Knights : LHP Phil Davis
Batting: RHB Zander Tremblett 0-0: Foul Ball, location: 2F
0-1: Ball
1-1: Fly out, F9 (Flyball, 9LMF)
Batting: SHB Martín De Jesús 0-0: Reached on error, E5 (Groundball, 56)
Batting: RHB Troy Lau 0-0: Foul Ball, location: 2F
0-1: Foul Ball, location: 2F
0-2: SINGLE (Groundball, 4MD)
Martín De Jesús to second
Batting: RHB Jung-ha Kim 0-0: Ball
1-0: Called Strike
1-1: Fly out, F6 (Line Drive, 6)
Batting: RHB Anastasio Villa 0-0: Foul Ball, location: 2F
0-1: Swinging Strike
0-2: Strikes out swinging
Top of the 2nd over - 0 run(s), 1 hit(s), 1 error(s), 2 left on base; Niagara Falls 0 - New York 0
BOTTOM OF THE 2ND
New York Knights batting - Pitching for Niagara Falls Frenzy : RHP George Nelson
Batting: LHB Marcos Pérez 0-0: Called Strike
0-1: DOUBLE (Groundball, 3L)
Batting: RHB Tokuhei Kobayashi 0-0: Ball
1-0: Ground out 6-3 (Groundball, 6)
Batting: LHB Keith Green 0-0: Ball
1-0: Ball
2-0: Ball
3-0: Called Strike
3-1: Fly out, F8 (Flyball, 8LS)
Batting: RHB Anastasio García 0-0: Ground out 5-3 (Groundball, 56S)
Bottom of the 2nd over - 0 run(s), 1 hit(s), 0 error(s), 1 left on base; Niagara Falls 0 - New York 0
TOP OF THE 3RD
Niagara Falls Frenzy batting - Pitching for New York Knights : LHP Phil Davis
Batting: SHB Héctor Padilla 0-0: Called Strike
0-1: Ball
1-1: Ball
2-1: Fly out, F7 (Flyball, 7D)
Batting: RHB Kel Pierce 0-0: Called Strike
0-1: Swinging Strike
0-2: Strikes out looking
Batting: RHB Tomás Estrada 0-0: SINGLE (Groundball, 2L) (infield hit)
Batting: LHB Clyde Yarbrough 0-0: Ball
Tomás Estrada is caught stealing 2nd base
Top of the 3rd over - 0 run(s), 1 hit(s), 0 error(s), 0 left on base; Niagara Falls 0 - New York 0
BOTTOM OF THE 3RD
New York Knights batting - Pitching for Niagara Falls Frenzy : RHP George Nelson
Batting: RHB Gabriel Erwin 0-0: Ball
1-0: Foul Ball, location: 2F
1-1: Ground out 6-3 (Groundball, 56)
Batting: RHB Pepe Carrasco 0-0: Ground out 5-3 (Groundball, 56S)
Batting: LHB Nicholas Alston 0-0: Fly out, F7 (Flyball, 78M)
Bottom of the 3rd over - 0 run(s), 0 hit(s), 0 error(s), 0 left on base; Niagara Falls 0 - New York 0
TOP OF THE 4TH
Niagara Falls Frenzy batting - Pitching for New York Knights : LHP Phil Davis
Batting: LHB Clyde Yarbrough 0-0: Ball
1-0: Fly out, F6 (Flyball, 56D)
Batting: RHB Zander Tremblett 0-0: Ball
1-0: Foul Ball, location: 2F
1-1: Foul Ball, location: 2F
1-2: Foul Ball, location: 2F
1-2: SINGLE (Line Drive, 8LS)
Batting: SHB Martín De Jesús 0-0: Ball
1-0: SINGLE (Flyball, 9LS)
Zander Tremblett to second
Runner from 2nd tries for 3rd, SAFE, throw made to third
Martín De Jesús to second
Batting: RHB Troy Lau 0-0: Ball
1-0: Fly out, F6 (Popup, 6)
Batting: RHB Jung-ha Kim 0-0: Swinging Strike
0-1: SINGLE (Groundball, 5S) (infield hit)
Zander Tremblett scores
Martín De Jesús to third
Batting: RHB Anastasio Villa 0-0: Ball
1-0: Called Strike
1-1: Foul Ball, location: 2F
1-2: SINGLE (Groundball, 6MD)
Martín De Jesús scores
Jung-ha Kim to second
Runner from 2nd tries for 3rd, SAFE, throw made to third
Batting: SHB Héctor Padilla 0-0: Ball
1-0: Fly out, F8 (Flyball, 8LS)
Top of the 4th over - 2 run(s), 4 hit(s), 0 error(s), 2 left on base; Niagara Falls 2 - New York 0
BOTTOM OF THE 4TH
New York Knights batting - Pitching for Niagara Falls Frenzy : RHP George Nelson
Batting: SHB Marvin Harris 0-0: Called Strike
0-1: Ball
1-1: Ball
2-1: Called Strike
2-2: SINGLE (Groundball, 4MD)
Batting: RHB Lonnie Anderson 0-0: Ball
1-0: Swinging Strike
1-1: Ball
2-1: Foul Ball, location: 2F
2-2: Foul Ball, location: 2F
2-2: Ball
3-2: Base on Balls
Marvin Harris to second
Batting: LHB Marcos Pérez 0-0: Swinging Strike
0-1: Ball
1-1: Called Strike
1-2: Ball
2-2: Ball
3-2: Fielders Choice at 2nd, 6-4 (Groundball, 6)
Marvin Harris to third
Batting: RHB Tokuhei Kobayashi 0-0: Called Strike
0-1: Ball
1-1: Foul Ball, location: 2F
1-2: Fly out, F3 (Popup, 3L)
Batting: LHB Keith Green 0-0: Ball
1-0: Swinging Strike
1-1: Swinging Strike
1-2: Ball
2-2: Ground out 4-3 (Groundball, 34)
Bottom of the 4th over - 0 run(s), 1 hit(s), 0 error(s), 2 left on base; Niagara Falls 2 - New York 0
TOP OF THE 5TH
Niagara Falls Frenzy batting - Pitching for New York Knights : LHP Phil Davis
Pitching: RHP David Bishop
Batting: RHB Kel Pierce 0-0: Ball
1-0: Foul Ball, location: 2F
1-1: Ball
2-1: Ball
3-1: Base on Balls
Batting: RHB Tomás Estrada 0-0: Called Strike
0-1: Ball
1-1: Fly out, F9 (Flyball, 9D)
Batting: LHB Clyde Yarbrough 0-0: Hit by Pitch
Kel Pierce to second
Batting: RHB Zander Tremblett 0-0: Ball
1-0: Ball
Kel Pierce steals 3rd base
Clyde Yarbrough to second
2-0: Ball
3-0: Base on Balls
Batting: SHB Martín De Jesús 0-0: Called Strike
0-1: Swinging Strike
0-2: Ball
1-2: Strikes out swinging
Batting: RHB Troy Lau 0-0: Ball
1-0: Fielders Choice at 2nd, 6-4 (Groundball, 6)
Top of the 5th over - 0 run(s), 0 hit(s), 0 error(s), 2 left on base; Niagara Falls 2 - New York 0
BOTTOM OF THE 5TH
New York Knights batting - Pitching for Niagara Falls Frenzy : RHP George Nelson
Pitching: LHP Luke Brown
Batting: RHB Anastasio García 0-0: Ball
1-0: Swinging Strike
1-1: Called Strike
1-2: Foul Ball, location: 2F
1-2: Strikes out swinging
Batting: RHB Gabriel Erwin 0-0: Ball
1-0: Ball
2-0: Ball
3-0: Called Strike
3-1: Foul Ball, location: 2F
3-2: SINGLE (Line Drive, 9S)
Batting: RHB Pepe Carrasco 0-0: Ball
1-0: Called Strike
1-1: Swinging Strike
1-2: Ground out 5-3 (Groundball, 56S)
Gabriel Erwin to second
Batting: LHB Nicholas Alston 0-0: Ball
1-0: Ground out 1-3 (Groundball, 15S)
Bottom of the 5th over - 0 run(s), 1 hit(s), 0 error(s), 1 left on base; Niagara Falls 2 - New York 0
TOP OF THE 6TH
Niagara Falls Frenzy batting - Pitching for New York Knights : RHP David Bishop
Batting: RHB Jung-ha Kim 0-0: Ground out 6-3 (Groundball, 6)
Batting: RHB Anastasio Villa 0-0: Ground out 6-3 (Groundball, 6)
Batting: SHB Héctor Padilla 0-0: Ball
1-0: Foul Ball, location: 2F
1-1: Called Strike
1-2: Strikes out swinging
Top of the 6th over - 0 run(s), 0 hit(s), 0 error(s), 0 left on base; Niagara Falls 2 - New York 0
BOTTOM OF THE 6TH
New York Knights batting - Pitching for Niagara Falls Frenzy : LHP Luke Brown
Batting: SHB Marvin Harris 0-0: Called Strike
0-1: Swinging Strike
0-2: Strikes out swinging
Batting: RHB Lonnie Anderson 0-0: SOLO HOME RUN (Flyball, 9LD), Distance : 367 ft
Batting: LHB Marcos Pérez 0-0: Ball
1-0: Ground out 4-3 (Groundball, 34)
Batting: RHB Tokuhei Kobayashi 0-0: Foul Ball, location: 2F
0-1: Ball
1-1: Bunted foul
1-2: Fly out, F7 (Flyball, 7S)
Bottom of the 6th over - 1 run(s), 1 hit(s), 0 error(s), 0 left on base; Niagara Falls 2 - New York 1
TOP OF THE 7TH
Niagara Falls Frenzy batting - Pitching for New York Knights : RHP David Bishop
Pinch Hitting: LHB Yasuhiko Onodera 0-0: Ball
1-0: Fly out, F6 (Line Drive, 6)
Pinch Hitting: LHB Arturo López 0-0: Called Strike
0-1: Ball
1-1: Ground out 4-3 (Groundball, 4M)
Pinch Hitting: LHB Carter Sweet 0-0: Ball
1-0: Called Strike
1-1: Foul Ball, location: 2F
1-2: Ground out 1-3 (Groundball, 13S)
Top of the 7th over - 0 run(s), 0 hit(s), 0 error(s), 0 left on base; Niagara Falls 2 - New York 1
BOTTOM OF THE 7TH
New York Knights batting - Pitching for Niagara Falls Frenzy : LHP Luke Brown
Now at 1B: Yasuhiko Onodera
Now at 2B: Ramiro Gámez
Now in RF: Dan Dunn
Batting: LHB Keith Green 0-0: Foul Ball, location: 2F
0-1: SOLO HOME RUN (Flyball, 9D), Distance : 397 ft
Batting: RHB Anastasio García 0-0: Ball
1-0: Ball
2-0: Called Strike
2-1: Fly out, F8 (Flyball, 8RS)
Pinch Hitting: RHB Cheng-ho Qiao 0-0: Ground out 1-3 (Groundball, 13)
Pinch Hitting: RHB Bob Campbell 0-0: Ground out 5-3 (Groundball, 25)
Bottom of the 7th over - 1 run(s), 1 hit(s), 0 error(s), 0 left on base; Niagara Falls 2 - New York 2
TOP OF THE 8TH
Niagara Falls Frenzy batting - Pitching for New York Knights : RHP David Bishop
Now at SS: David Strickland
Now in CF: Bob Campbell
Batting: RHB Zander Tremblett 0-0: Foul Ball, location: 2F
0-1: Ball
1-1: Called Strike
1-2: Strikes out swinging
Batting: LHB Jerry Johnston 0-0: Called Strike
0-1: Called Strike
0-2: Ball
1-2: Foul Ball, location: 2F
1-2: Ball
2-2: Fly out, F7 (Flyball, 78M)
Pinch Hitting: RHB Jorge Cora 0-0: Fly out, F9 (Flyball, 9S)
Top of the 8th over - 0 run(s), 0 hit(s), 0 error(s), 0 left on base; Niagara Falls 2 - New York 2
BOTTOM OF THE 8TH
New York Knights batting - Pitching for Niagara Falls Frenzy : LHP Luke Brown
Now in LF: Jorge Cora
Pinch Hitting: RHB Steve Sampson 0-0: Fly out, F7 (Flyball, 7LD)
Pitching: RHP Sean Martínez
Pinch Hitting: LHB Dan Hamilton 0-0: Foul Ball, location: 2F
0-1: SINGLE (Groundball, 4MD)
Pinch Hitting: LHB Arthur Hall 0-0: Ball
Dan Hamilton steals 2nd base
1-0: Ball
2-0: Called Strike
2-1: SINGLE (Groundball, 5D)
Dan Hamilton to third
Runner from 3rd tries for Home, SAFE, no throw
Batting: LHB Patrick Bright 0-0: Ball
1-0: Ball
2-0: Ground out 3-1 (Groundball, 34S)
Arthur Hall to second
Pinch Hitting: LHB Frank Young 0-0: Reached via error on a dropped throw, E3
Arthur Hall to third
Pinch Hitting: LHB Richard Olvera 0-0: Ball
1-0: Called Strike
1-1: Ball
2-1: DOUBLE (Flyball, 78M)
Arthur Hall scores
Frank Young to third
Runner from 3rd tries for Home, SAFE, no throw
Pitching: RHP Armando Chávez
Batting: RHB Anastasio García 0-0: Called Strike
0-1: Swinging Strike
0-2: Foul Ball, location: 2F
0-2: Ball
1-2: Strikes out swinging
Bottom of the 8th over - 3 run(s), 3 hit(s), 1 error(s), 1 left on base; Niagara Falls 2 - New York 5
TOP OF THE 9TH
Niagara Falls Frenzy batting - Pitching for New York Knights : RHP David Bishop
Pitching: LHP Juan Ortíz
Now at 1B: Steve Sampson
Now at 2B: Dan Hamilton
Now at 3B: Jesús Cuevas
Now in CF: Arthur Hall
Now in RF: Frank Young
Pinch Hitting: RHB Santiago Zambrano 0-0: Fly out, F8 (Flyball, 89M)
Pinch Hitting: RHB Luther Stoffels 0-0: Called Strike
0-1: Ball
1-1: Ground out 6-3 (Groundball, 6)
Pinch Hitting: RHB Domingo Hernández 0-0: Called Strike
0-1: Ball
1-1: Called Strike
1-2: Strikes out swinging
Top of the 9th over - 0 run(s), 0 hit(s), 0 error(s), 0 left on base; Niagara Falls 2 - New York 5
Tuesday, August 8th, 2017 - OOTP Baseball 17.12 Build 75